 Dungeon Crawl Stone Soup version 0.21-a0-243-g597973d (webtiles) character file.

203 Jeffwins the Poker (level 5, 0/41 HPs)
             Began as a Merfolk Abyssal Knight on Sept 4, 2017.
             Was a Believer of Lugonu.
             Slain by Crazy Yiuf
             ... wielding a +4 quarterstaff of chaos
              (8 damage)
             ... on level 3 of the Dungeon.
             The game lasted 00:04:16 (2800 turns).

Jeffwins the Poker (Merfolk Abyssal Knight)         Turns: 2800, Time: 00:04:16

Health: 0/41       AC:  6    Str: 12    XL:     5   Next: 81%
Magic:  7/7        EV: 11    Int: 12    God:    Lugonu [**....]
Gold:   173        SH:  0    Dex: 14    Spells: 4/4 levels left

rFire    . . .     SeeInvis .   a - +1 spear
rCold    . . .     Gourm    .   (no shield)
rNeg     . . .     Faith    .   e - +0 ring mail
rPois    .         Spirit   .   d - +0 helmet
rElec    .         Reflect  .   (no cloak)
rCorr    .         Harm     .   (no gloves)
MR       .....     Rnd*Tele +   (no boots)
Stlth    +.........             (no amulet)
HPRegen  0.13/turn              l - ring of teleportation (curse)
MPRegen  0.10/turn              (no ring)

@: lethally poisoned (0 -> -9), drained
A: change form in water, swift swim, stealthy swim
a: Depart the Abyss, Bend Space, Renounce Religion


You were on level 3 of the Dungeon.
You worshipped Lugonu.
Lugonu was pleased with you.
You were not hungry.

You visited 1 branch of the dungeon, and saw 3 of its levels.
You visited the Abyss 1 time.

You collected 173 gold pieces.

Inventory:

Hand Weapons
 a - a +1 spear (weapon)
Missiles
 o - 2 throwing nets (quivered)
Armour
 b - a +0 leather armour
 d - a +0 helmet (worn)
 e - a +0 ring mail (worn)
Jewellery
 l - a cursed ring of teleportation (left hand)
Scrolls
 f - 3 scrolls of identify {unknown}
 i - 2 scrolls of enchant weapon {unknown}
 m - a scroll of enchant armour {unknown}
 n - a scroll of immolation {unknown}
 p - 3 scrolls of magic mapping {unknown}
 r - a scroll of noise {unknown}
 s - a scroll of teleportation {unknown}
 t - a scroll of remove curse {unknown}
Books
 q - a book of Misfortune

   Spells                             Type                      Level
   a - Confusing Touch                Hexes                        1
   b - Confuse                        Hexes                        3
   c - Gell's Gravitas                Translocation                3
   d - Petrify                        Transmutation/Earth          4
   e - Metabolic Englaciation         Hexes/Ice                    5
   f - Yara's Violent Unravelling     Hexes/Transmutation          5
Comestibles
 c - 4 bread rations
 h - 3 meat rations
 j - 2 fruits
 k - 2 royal jellies
 u - a chunk of flesh


   Skills:
 - Level 3.2(3.0) Fighting
 * Level 7.2(6.9) Polearms
 - Level 0.6(0.3) Armour
 - Level 2.6(2.4) Dodging
 + Level 3.8(3.6) Invocations


You had 4 spell levels left.
You didn't know any spells.

Dungeon Overview and Level Annotations

Branches:
Dungeon (3/15)

Altars:

Annotations:
D:3 Crazy Yiuf


Message History

Crazy Yiuf is severely wounded.
Crazy Yiuf hits you with a quarterstaff of chaos.
Crazy Yiuf freezes you.
Attack whom?
Press: ? - help, Dir - move target cursor, f/p - Crazy Yiuf
Aim: Crazy Yiuf, wielding a quarterstaff of chaos and wearing a runed cloak (severely wounded)
You hit Crazy Yiuf.
Crazy Yiuf is severely wounded.
Crazy Yiuf hits you with a quarterstaff of chaos.
* * * LOW HITPOINT WARNING * * *
You are lethally poisoned!
Attack whom?
Press: ? - help, Dir - move target cursor, f/p - Crazy Yiuf
Aim: Crazy Yiuf, wielding a quarterstaff of chaos and wearing a runed cloak (severely wounded)
You hit Crazy Yiuf.
Crazy Yiuf is almost dead.
* * * LOW HITPOINT WARNING * * *
You feel sick.
Crazy Yiuf hits you with a quarterstaff of chaos!
You die...

......#
#.####....#
......# #.#
#....#
......####.#
♣..P.♣
..######...#
♣♣.P.♣
..######.###
♣♣.♣♣
.........#
♣♣.♣
.......#####
♣.♣♣
...........#
♣♣.♣
.......#####
♣@♣♣
.......# #g#
.......# ...
.......#####
#...#
...........#
#)..#
.......#..##
#####
..######.##
...# #..#
########
.#.# #.##
#..#.#.#


You could see Crazy Yiuf.

Vanquished Creatures
  A scorpion (D:3)
  3 gnolls
  6 adders
  3 worms (D:2)
  3 dart slugs
  A leopard gecko (D:3)
  An orc (D:3)
  2 ball pythons
  3 bats (D:1)
  5 giant cockroaches
  4 goblins
  6 hobgoblins
  3 jackals (D:2)
  3 quokkas (D:3)
  8 frilled lizards
  A kobold (D:1)
  8 rats
61 creatures vanquished.

Notes
Turn   | Place    | Note
-------+----------+-------------------------------------------
     0 | Abyss:1  | Jeffwins the Merfolk Abyssal Knight began the quest for the Orb.
     0 | Abyss:1  | Reached XP level 1. HP: 18/18 MP: 2/2
   141 | Abyss:1  | Noticed a raiju
   152 | Abyss:1  | Noticed a mana viper
   154 | Abyss:1  | Noticed a wretched star
   156 | D:1      | Escaped the Abyss
   249 | D:1      | Reached * piety under Lugonu
   250 | D:1      | Reached XP level 2. HP: 19/24 MP: 3/3
   648 | D:1      | Reached skill level 4 in Polearms
  1067 | D:2      | Reached XP level 3. HP: 29/29 MP: 3/5
  1321 | D:2      | Reached skill level 5 in Polearms
  1479 | D:3      | Reached XP level 4. HP: 35/35 MP: 6/6
  1813 | D:3      | Reached skill level 6 in Polearms
  1813 | D:3      | Reached XP level 5. HP: 17/41 MP: 7/7
  2074 | D:3      | Found a runed door.
  2181 | D:3      | Reached ** piety under Lugonu
  2437 | D:3      | Reached skill level 7 in Polearms
  2787 | D:3      | Noticed Crazy Yiuf
  2800 | D:3      | Slain by Crazy Yiuf

Vault maps used:
D:1:      minmay_arrival_nine_rooms, st_stairs_14
D:3:      serial_bayou_pond_a, uniq_crazy_yiuf_cottage

Skill      XL: |  1  2  3  4  5 |
---------------+----------------+-----
Polearms       | 4 5 6 7 |  7.2
Invocations    | 3 |  3.8
Fighting       | |  3.2
Armour         | |  0.6
Dodging        | |  2.6

Action                   |  1- 3 |  4- 6 || total
-------------------------+-------+-------++-------
Melee: Spear             |    96 |   159 ||   255
Invok: Depart the Abyss  |     1 |       ||     1
  Use: Potion            |       |     2 ||     2
 Stab: Sleeping          |       |     1 ||     1
  Eat: Chunk             |     2 |     4 ||     6
Armor: Leather armour    |     6 |       ||     6
       Ring mail         |    19 |    37 ||    56
Dodge: Dodged            |    38 |    50 ||    88

Table legend:
 A = Spawn XP
 B = Non-spawn XP
 C = Spawn XP percentage of total XP
 D = Spawn monster count
 E = Non-spawn monster count
 F = Spawn count percentage of total count
 G = Total turns spent on level
                    A         B        C        D         E        F      G
               +---------+---------+-------+---------+---------+-------+---------
         Total |      51 |     239 |  17.6 |       9 |      52 |  14.8 |  2800
               +---------+---------+-------+---------+---------+-------+---------
           D:1 |       0 |      28 |   0.0 |       0 |      16 |   0.0 |   788
           D:2 |      15 |      68 |  18.1 |       2 |      19 |   9.5 |   762
           D:3 |      36 |     143 |  20.1 |       7 |      17 |  29.2 |  1094
               +---------+---------+-------+---------+---------+-------+---------
